 Dungeon Crawl Stone Soup version 0.32-a0-779-g362cfcae2a (webtiles) character file.

Game seed: 7886363185207475146

119987 Drazool the Necromancer (level 16, -2/115 HPs)
             Began as a Mummy Necromancer on Mar 18, 2024.
             Was an Initiate of Gozag.
             Slain by a demonic crawler (13 damage)
             ... on level 3 of the Lair of Beasts on Mar 19, 2024.
             The game lasted 02:42:07 (36236 turns).

Drazool the Necromancer (Mummy Necromancer)        Turns: 36236, Time: 02:42:09

Health: -2/115     AC: 13    Str:  9 (11) XL:     16   Next: 29%
Magic:  31/35      EV: 11    Int: 25 (28) God:    Gozag
Gold:   1820       SH:  5    Dex: 10 (16) Spells: 16/46 levels left

rFire   + . .        f - +2 whip (pain)
rCold   + . .        (no shield)
rNeg    + + +        x - +1 leather armour {rF+}
rPois   ∞            z - +2 helmet {SInv}
rElec   .            t - +0 cloak
rCorr   .            v - +1 pair of gloves of Quantum Leap {^Drain rF+ rN+ Int+4}
SInv    +            k - +2 pair of boots
Will    ++...        o - amulet of Plog {Reflect rPois Int+2 Dex+3 SH+5}
Stlth   ++           L - ring of flight
HPRegen 0.39/turn    Z - ring of wizardry
MPRegen 0.24/turn

%: reflection, faith, wizardry (x1)
@: about to teleport, death channelling, flying, studying Conjurations
A: cold resistance 1, negative energy resistance 3, torment resistance 2, heat
vulnerability 1, in touch with death 2, no potions, faith
a: Renounce Religion, Potion Petition, Call Merchant, Bribe Branch


You were on level 3 of the Lair of Beasts.
You worshipped Gozag.
Gozag was most pleased with you.
You visited 5 branches of the dungeon, and saw 24 of its levels.
You also visited: Bailey and Ice Cave.

You collected 4210 gold pieces.
You spent 700 gold pieces at shops.
You paid 1690 gold pieces to Gozag.


Innate Abilities, Weirdness & Mutations

You are immune to poison.
Your flesh is cold resistant. (rC+)
You are immune to negative energy. (rN+++)
You are immune to unholy pain and torment.
You are vulnerable to heat. (rF-)
You are strongly in touch with the powers of death.
You do not drink.
You have a special connection with the divine. (Faith)


   Skills:
 - Level 7.0 Fighting
 - Level 3.3 Maces & Flails
 - Level 5.0 Dodging
 - Level 5.0 Stealth
 + Level 15.9 Spellcasting
 - Level 7.0 Summonings
 - Level 17.0 Necromancy
 - Level 6.0 Fire Magic
 - Level 10.5 Ice Magic
 - Level 4.0 Earth Magic
 - Level 5.0 Evocations


You had 16 spell levels left.
You knew the following spells:

 Your Spells              Type           Power      Damage    Failure   Level
b - Borgnjor's Vile Clut  Necr/Erth      52%        N/A       1%          5
d - Death Channel         Necr           62%        N/A       1%          6
h - Haunt                 Necr/Summ      55%        N/A       9%          7
v - Vampiric Draining     Necr           100%       2d13      0%          3
X - Necrotise             Necr           100%       1d9       0%          1
Y - Summon Blazeheart Go  Fire/Summ      51%        N/A       1%          4
Z - Anguish               Hex/Necr       48%        N/A       1%          4

Your spell library contained the following spells:

 Spells                   Type           Power      Damage    Failure   Level
 Apportation              Tloc           38%        N/A       1%          1
 Freeze                   Ice            100%       1d10      1%          1
 Kiss of Death            Conj/Necr      100%       2d13      1%          1
 Magic Dart               Conj           76%        1d6       1%          1
 Sting                    Conj/Alch      76%        1d7       1%          1
 Call Imp                 Summ           100%       N/A       1%          2
 Cigotuvi's Dreadful Rot  Necr/Alch/Air  100%       N/A       1%          2
 Ensorcelled Hibernation  Hex/Ice        92%        N/A       1%          2
 Call Canine Familiar     Summ           53%        N/A       1%          3
 Frozen Ramparts          Ice            100%       1d16      1%          3
 Hailstorm                Conj/Ice       46%        3d10      1%          3
 Martyr's Knell           Necr/Summ      100%       N/A       1%          4
 Curse of Agony           Necr           100%       N/A       1%          5
 Jinxbite                 Hex            38%        N/A       2%          2
 Mercury Vapours          Alch/Air       38%        N/A       2%          2
 Searing Ray              Conj           38%        2d5       2%          2
 Static Discharge         Conj/Air       38%        3-5/arc   2%          2
 Summon Lightning Spire   Summ/Air       37%        N/A       3%          4
 Gell's Gravitas          Tloc           19%        N/A       4%          3
 Mephitic Cloud           Conj/Alch/Air  19%        N/A       4%          3
 Teleport Other           Tloc           19%        N/A       4%          3
 Metabolic Englaciation   Hex/Ice        23%        N/A       4%          5
 Infestation              Necr           62%        N/A       9%          8
 Airstrike                Air            9%         2d(2-18)  16%         4
 Fulminant Prism          Conj/Alch      9%         3d7       16%         4
 Olgreb's Toxic Radiance  Alch           19%        N/A       16%         4
 Vhi's Electric Charge    Tloc/Air       38%        N/A       16%         4
 Ozocubu's Refrigeration  Ice            32%        4d14      16%         7
 Alistair's Intoxication  Alch           12%        N/A       38%         5
 Arcjolt                  Conj/Air       9%         1d19      38%         5
 Summon Hydra             Summ           26%        N/A       56%         7
 Dispersal                Tloc           9%         N/A       90%         6
 Spellforged Servitor     Conj/Summ      18%        N/A       95%         7
 Orb of Destruction       Conj           9%         9d6       100%        7
 Maxwell's Capacitive Co  Air            9%         ∞         100%        8
 Polar Vortex             Ice            32%        12d4*     100%        9
 Animate Dead             Necr           Unusable   N/A       N/A         4

Inventory:

Hand Weapons
 f - a +2 whip of pain (weapon)
 l - a +2 morningstar of freezing
Missiles
 D - 4 silver javelins
 I - 14 curare-tipped darts {=f}
Armour
 h - an orb of light
 k - a +2 pair of boots (worn)
 t - a +0 cloak (worn)
 v - the +1 pair of gloves of Quantum Leap (worn) {^Drain rF+ rN+ Int+4}
   (You found it in a bailey)

   Int+4:     It affects your intelligence (+4).
   rF+:       It protects you from fire.
   rN+:       It protects you from negative energy.
   ^Drain:    It drains your maximum health when unequipped.
 x - a +1 leather armour of fire resistance (worn)
 z - a +2 helmet of see invisible (worn)
Magical Staves
 s - a staff of cold {!a}
 G - a staff of earth {!a}
Jewellery
 o - the amulet of Plog (around neck) {Reflect rPois Int+2 Dex+3 SH+5}
   (You found it on level 6 of the Dungeon)

   [amulet of reflection]

   Reflect:   It reflects blocked missile attacks.
   Int+2:     It affects your intelligence (+2).
   Dex+3:     It affects your dexterity (+3).
   rPois:     It protects you from poison.
   SH+5:      It affects your SH (+5).
 w - a ring of willpower
 A - an amulet of the acrobat
 C - a ring of ice
 F - a ring of protection from fire
 L - a ring of flight (left hand)
 S - a +6 ring of strength
 W - a ring of willpower
 Y - a +4 ring of slaying
 Z - a ring of wizardry (right hand)
Wands
 d - a wand of digging (5)
 e - a wand of paralysis (13)
 j - a wand of iceblast (25)
 n - a wand of flame (52)
 p - a wand of polymorph (32)
 y - a wand of quicksilver (4)
Scrolls
 b - a scroll of immolation
 c - 4 scrolls of noise
 g - 3 scrolls of vulnerability
 i - 16 scrolls of identify {@r1}
 m - 4 scrolls of amnesia
 q - 2 scrolls of teleportation {@r2}
 r - 5 scrolls of enchant weapon
 u - 2 scrolls of silence {unknown}
 B - 3 scrolls of poison
 E - a scroll of enchant armour
 H - a scroll of revelation

Dungeon Overview and Level Annotations

Branches:
Dungeon (15/15)            Temple (1/1) D:7            Lair (5/5) D:9
  Swamp (0/4) Lair:2       Spider (1/4) Lair:3        Slime (0/5) Lair:5
    Orc (2/2) D:9             Elf (0/3) Orc:2        Vaults (0/5) D:13
 Depths (0/4) D:15         Bailey (visited)           IceCv (visited)

Altars:
Ashenzari
Cheibriados
Dithmenos
Fedhas
Gozag
Hepliaklqana
Kikubaaqudgha
Makhleb
Nemelex Xobeh
Okawaru
Qazlal
Ru
Sif Muna
Trog
Uskayaw
Vehumet
Wu Jian
Xom
Yredelemnul
Beogh

Shops:
D:5 ?   D:9 :[   D:10 ?   Orc:2 ?*=*

Portals:
Hell: Lair:5

Annotations:
D:8 2 transporters, hikkokomori's ghost, novice CoHu
D:9 1 runed translucent door, yleetSyT's ghost, journeyman MDEE
D:14 1 runed translucent door, Todem's ghost, journeyman HOFi
Lair:4 2 transporters, ragingrage's ghost, journeyman KoSh
Spider:1 Donald

#..## ##.(.P.#..#.#.......
##.#.###............###....
#..#.#..#............#.####
##...........^..........###
#P.#.#..##...##...........
###..#..##...##.....P#.##P
##.#..#.#.#.#..########.
##.#...ss..##........##.
#P.#...@s>.....###......
##.#..#.s..#...# #..##.P
#..P..#.....##.# ##.####
#.....###.##...# #..P#
#..#..#....#...####.##
##.............#.....#
##..............###.#
###.####.#.#P.###.## ###
#.####### ###


You could see a demonic crawler, a wolf spider, a culicivora and a redback.


Message History

The wolf spider bites you but does no damage.
The redback completely misses you. You block the wolf spider's attack.
The wolf spider bites you but does no damage.
The culicivora bites you! The redback completely misses you.
Your surroundings seem slightly different.
The wolf spider closely misses you.
The wolf spider bites you but does no damage.
The culicivora closely misses you. The wolf spider hits you!!
You block the wolf spider's attack.
The demonic crawler attacks as it pursues you!
The demonic crawler hits you but does no damage.
The demonic crawler barely misses you. The demonic crawler hits you!
* * * LOW HITPOINT WARNING * * *
The wolf spider hits you.
* * * LOW HITPOINT WARNING * * *
The wolf spider bites you.
* * * LOW HITPOINT WARNING * * *
As you read the scroll of teleportation {@r2}, it crumbles to dust.
You feel strangely unstable. The wolf spider hits you!
* * * LOW HITPOINT WARNING * * *
The wolf spider bites you!
* * * LOW HITPOINT WARNING * * *
The demonic crawler closely misses you.
The demonic crawler barely misses you. x2
The culicivora bites you.
* * * LOW HITPOINT WARNING * * *
The redback bites you!
* * * LOW HITPOINT WARNING * * *
The demonic crawler hits you!
You die...
Your body crumbles into a pile of gold.

Skill      XL: |  1  2  3  4  5  6  7  8  9 10 11 12 13 14 15 16 |
---------------+-------------------------------------------------+-----
Spellcasting   | 3 4 5 8 9 11 14 15 | 15.9
Necromancy     | 5 6 7 11 12 14 17 | 17.0
Fighting       | 2 3 5 7 |  7.0
Summonings     | 4 6 7 |  7.0
Fire Magic     | 4 6 |  6.0
Dodging        | 5 |  5.0
Stealth        | 5 |  5.0
Earth Magic    | 1 4 |  4.0
Evocations     | 5 |  5.0
Maces & Flails | 3 |  3.3
Ice Magic      | 8 10 | 10.5

Action                     |  1- 3 |  4- 6 |  7- 9 | 10-12 | 13-15 | 16-18 || total
---------------------------+-------+-------+-------+-------+-------+-------++-------
  Melee: Unarmed           |     7 |       |       |       |       |       ||     7
         Whip              |       |    34 |   112 |    97 |   318 |    44 ||   605
  Throw: Dart              |       |       |       |       |     1 |       ||     1
   Cast: Necrotise         |    56 |    92 |    61 |    24 |    14 |       ||   247
         Vampiric Draining |     1 |     3 |    19 |    10 |    16 |       ||    49
         Summon Blazeheart |       |       |    29 |   117 |   264 |    34 ||   444
         Animate Dead      |       |       |     1 |     2 |       |       ||     3
         Borgnjor's Vile C |       |       |       |     6 |    72 |    16 ||    94
         Haunt             |       |       |       |       |    15 |     2 ||    17
         Death Channel     |       |       |       |       |       |     1 ||     1
 Invoke: Receive Forbidden |       |       |       |       |     1 |       ||     1
         Potion Petition   |       |       |       |       |     3 |       ||     3
  Evoke: Wand              |       |     4 |    10 |     9 |     7 |       ||    30
    Use: Scroll            |       |     6 |     6 |     7 |     8 |     5 ||    32
   Stab: Paralysed         |       |     6 |       |       |       |       ||     6
         Sleeping          |       |       |     1 |       |       |       ||     1
         Distracted        |       |       |       |     2 |     4 |       ||     6
         Petrifying        |       |       |       |       |     1 |       ||     1
         Petrified         |       |       |       |       |     1 |       ||     1
 Armour: Robe              |    12 |    18 |   122 |    18 |       |       ||   170
         Leather armour    |       |       |       |   118 |   517 |   163 ||   798
         Animal skin       |       |       |       |     7 |       |       ||     7
  Dodge: Dodged            |    23 |    26 |    95 |    74 |   372 |   101 ||   691
  Block: Other             |       |       |     9 |    39 |   125 |    33 ||   206
         Reflection        |       |       |       |     3 |    15 |       ||    18

Levels and vault maps discovered:
D:1:      psy_arrival_whirlpool, layout_loops_cross, minmay_heptomino_h4
D:2:      minmay_door_path, layout_basic, ebering_ecumenical_altar_petrified,
          basic_altar
D:3:      layout_basic
D:4:      nicolae_cairo_tiling_large, layout_gridville,
          mainiacjoe_overflow_brackets, uniq_eustachio
D:5:      layout_rooms, cheibrodos_ashenzari_chains, serial_shops, shop,
          kennysheep_windowed_goal
D:6:      layout_loops_ring, mainiacjoe_overflow_24_doors,
          jmf_multi_god_temple2, minmay_starry_boxes
D:7:      layout_cave_pods, minmay_temple_entry_overgrown, minmay_microvault,
          uniq_maurice
D:8:      layout_cave_pods, enter_bailey_6, gammafunk_ghost_smash,
          uniq_prince_ribbit1
D:9:      layout_roguey, mainiacjoe_overflow_alcove_1,
          nicolae_hepliaklqana_ecumenical_no_more, marbit_many_paths,
          bloody_makhleb, lair_entry_dummy, orc_david_3,
          ebering_ghost_inner_flame, nicolae_shop_i_like_big_books, minivault_16
D:10:     layout_grid_maze, serial_shops, shop, uniq_nergalle, uniq_grum,
          uniq_maggie
D:11:     layout_layer_cave, nicolae_figureground_pulse, uniq_erica,
          uniq_erolcha
D:12:     layout_loops_cross, okawaru_altar_gauntlet_db
D:13:     layout_loops_cross, grunt_vaults_entry_tiered, minmay_more_statues,
          uniq_rupert, uniq_snorg, uniq_lodul
D:14:     layout_rooms, ebering_ghost_xom, lemuel_old_faithful
D:15:     gammafunk_depths_entry_grave, layout_basic, fedhas_altar_4
Temple:   hellmonk_temple_forest_ring
Lair:1:   layout_cellular_growth, hangedman_lair_unloving_vines,
          lemuel_fruit_fields
Lair:2:   layout_regular_city, swamp_mist_pool, portal_ice_cave_entry_pillars_1,
          serial_rivers, chequers_serial_rivers_micro_d,
          chequers_serial_rivers_room_b, chequers_serial_rivers_marsh,
          chequers_serial_rivers_small_b, chequers_serial_rivers_room_a,
          chequers_serial_rivers_large_a, bobbens_dragon_lair_wall, uniq_sonja
Lair:3:   hellmonk_ruined_rings, layout_loops_ring,
          nicolae_spider_entry_non_spiders, cheibrodos_lair_lostbears,
          infiniplex_staircase_pool, lemuel_fruit_tree
Lair:4:   layout_regular_city, nzn_ghost_randoct, minivault_23,
          grunt_megastairs_1
Lair:5:   evil_forest, layout_cave_pods, nicolae_slime_entry_slimehenge,
          nicolae_lair_yak_garden, grunt_megastairs_3, lemuel_fruit_fields
Spider:1: layout_spider_delve, uniq_kirke, uniq_donald
Orc:1:    layout_caves, lightli_church_of_beogh, uniq_fannar
Orc:2:    grunt_orc_tribal_feast, layout_caves

Notes
Turn   | Place    | Note
-------+----------+-------------------------------------------
     0 | D:1      | Drazool the Mummy Necromancer began the quest for the Orb.
     0 | D:1      | Reached XP level 1. HP: 13/13 MP: 4/4
    32 | D:1      | Reached skill level 3 in Spellcasting
   287 | D:1      | Reached XP level 2. HP: 19/19 MP: 2/6
   403 | D:1      | Reached skill level 4 in Spellcasting
   762 | D:1      | Reached XP level 3. HP: 24/24 MP: 6/8
   766 | D:1      | Learned a level 3 spell: Vampiric Draining
  1219 | D:1      | Reached skill level 5 in Spellcasting
  1324 | D:2      | Reached XP level 4. HP: 30/30 MP: 11/11
  1656 | D:2      | Found a faded altar of an unknown god.
  1747 | D:2      | Found a hazy altar of Hepliaklqana.
  2424 | D:3      | Reached skill level 5 in Necromancy
  3075 | D:4      | Learned a level 4 spell: Animate Dead
  3097 | D:4      | Found an ornate altar of the Wu Jian Council.
  3104 | D:4      | Reached XP level 5. HP: 35/35 MP: 9/12
  3374 | D:4      | Noticed a phantom
  3390 | D:4      | Killed a phantom
  3391 | D:4      | Reached skill level 6 in Necromancy
  3775 | D:4      | Reached XP level 6. HP: 27/41 MP: 5/13
  3879 | D:4      | Noticed Eustachio
  3902 | D:4      | Killed Eustachio
  3903 | D:4      | Reached skill level 7 in Necromancy
  3903 | D:4      | Reached skill level 1 in Fighting
  4003 | D:4      | Learned a level 4 spell: Summon Blazeheart Golem
  4022 | D:5      | Entered Level 5 of the Dungeon
  4047 | D:5      | Found Coqa Qudome's Magic Scroll Shoppe.
  4055 | D:5      | Bought 2 scrolls of identify for 56 gold pieces
  4056 | D:5      | Noticed an ice beast
  4070 | D:5      | Reached skill level 2 in Fighting
  4070 | D:5      | Reached XP level 7. HP: 48/51 MP: 7/14
  4078 | D:5      | Reached skill level 3 in Fighting
  4078 | D:5      | Reached skill level 1 in Summonings
  4127 | D:5      | Reached skill level 2 in Summonings
  4168 | D:5      | Reached skill level 3 in Summonings
  4529 | D:5      | Reached skill level 4 in Summonings
  4581 | D:5      | Reached XP level 8. HP: 49/58 MP: 3/15
  4677 | D:5      | Found a broken altar of Ashenzari.
  4862 | D:5      | Noticed a troll
  4871 | D:5      | Killed a troll
  4872 | D:5      | Reached skill level 5 in Summonings
  5270 | D:5      | Bought a scroll of identify for 28 gold pieces
  5271 | D:5      | Bought a scroll of identify for 28 gold pieces
  5290 | D:6      | Noticed a troll
  5296 | D:6      | HP: 5/58 [troll (5)]
  5297 | D:6      | Killed a troll
  5298 | D:6      | Reached skill level 6 in Summonings
  5656 | D:6      | Reached skill level 1 in Fire Magic
  5818 | D:6      | Reached skill level 2 in Fire Magic
  5927 | D:6      | Noticed a gargoyle
  6030 | D:6      | Killed a gargoyle
  6031 | D:6      | Reached skill level 4 in Fire Magic
  6031 | D:6      | Reached XP level 9. HP: 63/63 MP: 5/16
  6242 | D:6      | Found a basalt altar of Yredelemnul.
  6354 | D:6      | Found an ancient bone altar of Kikubaaqudgha.
  6396 | D:6      | Reached skill level 5 in Fire Magic
  6397 | D:6      | Found a stormy altar of Qazlal.
  6400 | D:6      | Identified the amulet of Plog {Reflect rPois Int+2 Dex+3
                  | SH+5}
  6415 | D:6      | Became a worshipper of Kikubaaqudgha
  7149 | D:7      | Reached * piety under Kikubaaqudgha
  7149 | D:7      | Received a gift from Kikubaaqudgha
  7150 | D:7      | Reached skill level 6 in Fire Magic
  7158 | D:7      | Reached skill level 7 in Summonings
  7259 | D:7      | Found a staircase to the Ecumenical Temple.
  7504 | D:7      | Reached skill level 6 in Spellcasting
  7578 | D:7      | Noticed Maurice
  7701 | D:7      | Reached skill level 7 in Spellcasting
  7935 | D:7      | Maurice stole a staff of cold {!a}
  7936 | D:7      | Maurice stole 205 gold
  7938 | D:7      | Something stole a throwing net {=f}
  7941 | D:7      | Reached skill level 8 in Spellcasting
  7942 | D:7      | Killed Maurice
  7943 | D:7      | Reached XP level 10. HP: 31/70 MP: 9/22
  7947 | D:7      | Reached ** piety under Kikubaaqudgha
  8142 | D:7      | Reached skill level 9 in Spellcasting
  8493 | D:8      | Found a flagged portal.
  8503 | Bailey   | Entered a bailey
  8578 | Bailey   | Noticed an orc knight
  8591 | Bailey   | Killed an orc knight
  8592 | Bailey   | Reached skill level 8 in Necromancy
  8813 | Bailey   | Acquired the Octavo of Illusion and Chrysopoeia
  8826 | Bailey   | Reached *** piety under Kikubaaqudgha
  8826 | Bailey   | Received a gift from Kikubaaqudgha
  8860 | Bailey   | Noticed an orc sorcerer
  8875 | Bailey   | Killed an orc sorcerer
  8876 | Bailey   | Reached skill level 9 in Necromancy
  9065 | Bailey   | Found an iron altar of Okawaru.
  9082 | Bailey   | Identified the +3 sling of the Trees {elec, Str+5}
  9102 | Bailey   | Acquired the +1 animal skin of Lies {MP+9 Str+3}
  9153 | Bailey   | Identified the +1 pair of gloves of Quantum Leap {^Drain
                  | rF+ rN+ Int+4}
  9247 | Bailey   | Reached skill level 10 in Necromancy
  9429 | Bailey   | Learned a level 4 spell: Anguish
  9942 | D:8      | Reached skill level 11 in Necromancy
  9946 | D:8      | Reached XP level 11. HP: 75/75 MP: 17/24
 10151 | D:8      | Reached **** piety under Kikubaaqudgha
 10495 | D:8      | Noticed hikkokomori's ghost (novice CoHu)
 10496 | D:8      | Found a transporter.
 10496 | D:8      | Found a transporter.
 10500 | D:8      | Noticed Prince Ribbit
 10511 | D:8      | Killed Prince Ribbit
 10682 | D:8      | Learned a level 5 spell: Borgnjor's Vile Clutch
 10795 | D:9      | Found a faded altar of an unknown god.
 10820 | D:9      | Found a faded altar of an unknown god.
 10820 | D:9      | Found a hazy altar of Hepliaklqana.
 10874 | D:9      | Reached skill level 12 in Necromancy
 11156 | D:9      | Found Maic's Armour Shop.
 11156 | D:9      | Found a staircase to the Orcish Mines.
 11225 | D:9      | Bought a +1 helmet of see invisible for 198 gold pieces
 11282 | D:9      | Reached skill level 2 in Dodging
 11282 | D:9      | Reached skill level 2 in Stealth
 11351 | D:9      | Found a runed translucent door.
 11351 | D:9      | Noticed yleetSyT's ghost (journeyman MDEE)
 11504 | D:9      | Reached skill level 3 in Stealth
 11508 | D:9      | Reached ***** piety under Kikubaaqudgha
 11511 | D:9      | Reached skill level 3 in Dodging
 11802 | D:9      | Found a hide-covered altar of Uskayaw.
 11873 | D:9      | Found a burning altar of Makhleb.
 11966 | D:9      | Found a staircase to the Lair.
 11989 | D:9      | Found a shimmering altar of Xom.
 12064 | D:9      | Found Biakliaqej's Tremendous Tomes.
 12110 | D:10     | Entered Level 10 of the Dungeon
 12116 | D:10     | Noticed Grum
 12233 | D:10     | Killed Grum
 12350 | D:9      | Reached skill level 4 in Stealth
 12707 | D:10     | Noticed Nergalle
 12741 | D:10     | HP: 5/75 [spectral orc warrior/+0 trident[Nergalle] (7)]
 12754 | D:10     | HP: 2/75 [spectral orc warrior/+0 trident[Nergalle] (6)]
 12755 | D:10     | Killed Nergalle
 12756 | D:10     | Reached skill level 4 in Dodging
 13099 | D:10     | Found Visek's Magic Scroll Shoppe.
 13140 | D:10     | Noticed Maggie
 13152 | D:10     | Killed Maggie
 13153 | D:10     | Reached skill level 5 in Stealth
 13421 | D:10     | Reached skill level 5 in Dodging
 14004 | Lair:1   | Entered Level 1 of the Lair of Beasts
 14025 | Lair:1   | Reached skill level 4 in Fighting
 14090 | Lair:1   | Reached skill level 5 in Fighting
 14090 | Lair:1   | Reached skill level 1 in Earth Magic
 14090 | Lair:1   | Reached XP level 12. HP: 74/86 MP: 20/25
 14100 | Lair:1   | Reached skill level 2 in Earth Magic
 14377 | Lair:1   | Reached skill level 10 in Spellcasting
 14711 | Lair:1   | Reached skill level 11 in Spellcasting
 15202 | Lair:2   | Reached skill level 3 in Earth Magic
 15245 | Lair:2   | Found a frozen archway.
 15257 | IceCv    | Entered an ice cave
 15263 | IceCv    | Reached skill level 4 in Earth Magic
 15340 | IceCv    | Reached skill level 6 in Fighting
 15478 | IceCv    | Noticed a death yak
 15497 | IceCv    | Killed a death yak
 15559 | IceCv    | Noticed a death yak
 15572 | IceCv    | Reached skill level 7 in Fighting
 15751 | IceCv    | Noticed a death yak
 15753 | IceCv    | Killed a death yak
 15754 | IceCv    | Reached skill level 1 in Evocations
 15761 | IceCv    | Killed a death yak
 15762 | IceCv    | Reached skill level 2 in Evocations
 15995 | IceCv    | Reached skill level 3 in Evocations
 16160 | IceCv    | Reached skill level 4 in Evocations
 16223 | IceCv    | Noticed a death yak
 16223 | IceCv    | Noticed a frost giant
 16223 | IceCv    | Noticed a death yak
 16245 | IceCv    | Killed a death yak
 16247 | IceCv    | Killed a death yak
 16248 | IceCv    | Reached skill level 5 in Evocations
 16248 | IceCv    | Gained mutation: You are strongly in touch with the powers
                  | of death. [Mummy growth]
 16248 | IceCv    | Reached XP level 13. HP: 96/96 MP: 9/28
 16251 | IceCv    | Reached skill level 1 in Maces & Flails
 16252 | IceCv    | Reached ****** piety under Kikubaaqudgha
 16384 | IceCv    | Killed a frost giant
 16385 | IceCv    | Reached skill level 2 in Maces & Flails
 16577 | IceCv    | Got the Volume of Snow
 16746 | Lair:2   | Noticed Sonja
 16773 | Lair:2   | Killed Sonja
 16774 | Lair:2   | Reached skill level 3 in Maces & Flails
 16823 | Lair:2   | Reached skill level 1 in Ice Magic
 16839 | Lair:2   | Reached skill level 2 in Ice Magic
 16853 | Lair:2   | Found a staircase to the Swamp.
 17045 | Lair:2   | Reached skill level 3 in Ice Magic
 17662 | Lair:2   | Identified the +0 scale mail of Nyec {Int+4}
 17664 | Lair:2   | Acquired a manual of Conjurations
 17831 | Lair:3   | Reached skill level 4 in Ice Magic
 18131 | Lair:3   | Reached skill level 5 in Ice Magic
 18396 | Lair:3   | Found a hole to the Spider Nest.
 18419 | Lair:3   | Reached skill level 6 in Ice Magic
 19309 | Lair:4   | Found a transporter.
 19320 | Lair:4   | Noticed ragingrage's ghost (journeyman KoSh)
 19327 | Lair:4   | Found a transporter.
 19364 | Lair:4   | Reached skill level 7 in Ice Magic
 19726 | Lair:4   | Reached skill level 8 in Ice Magic
 20017 | Lair:4   | Reached XP level 14. HP: 80/103 MP: 24/29
 20185 | Lair:4   | Reached skill level 9 in Ice Magic
 20502 | Lair:5   | Entered Level 5 of the Lair of Beasts
 21351 | Lair:5   | Reached skill level 10 in Ice Magic
 21878 | Lair:4   | Received a gift from Kikubaaqudgha (forbidden knowledge)
 21888 | Lair:4   | Learned a level 7 spell: Haunt
 22058 | Lair:5   | Found a staircase to the Slime Pits.
 22748 | Lair:5   | Reached skill level 13 in Necromancy
 23933 | Lair:5   | Reached skill level 14 in Necromancy
 24127 | Lair:5   | Found a burning altar of Makhleb.
 24170 | Lair:5   | Found a gateway to Hell.
 24177 | Lair:5   | Identified the +4 trident of the Unspeakable One {flame,
                  | Int+4 Stlth+}
 24246 | Lair:5   | Upgraded the game from 0.32-a0-768-g0f6f1dd4b9 to
                  | 0.32-a0-779-g362cfcae2a
 24357 | Orc:1    | Entered Level 1 of the Orcish Mines
 24539 | Orc:2    | Entered Level 2 of the Orcish Mines
 24712 | Orc:2    | Found a staircase to the Elven Halls.
 25747 | Orc:2    | Reached XP level 15. HP: 86/108 MP: 27/30
 25887 | Orc:2    | Reached skill level 15 in Necromancy
 26112 | Orc:2    | Paralysed by an orc sorcerer for 3 turns
 26170 | Orc:2    | Found Sovased's Magic Scroll Boutique.
 26170 | Orc:2    | Found Doist's Assorted Antiques.
 26172 | Orc:2    | Found Roprerapt's Assorted Antiques.
 26172 | Orc:2    | Found Oczockal's Jewellery Emporium.
 26188 | Orc:2    | Bought a ring of wizardry for 390 gold pieces
 26453 | Orc:1    | Noticed Fannar
 26462 | Orc:1    | Killed Fannar
 26946 | Orc:1    | Found a roughly hewn altar of Beogh.
 27086 | Temple   | Entered the Ecumenical Temple
 27101 | Temple   | Fell from the grace of Kikubaaqudgha
 27101 | Temple   | Became a worshipper of Gozag Ym Sagoz the Greedy
 27278 | D:11     | Noticed Erica
 27295 | D:11     | Killed Erica
 27539 | D:11     | Noticed Erolcha
 27547 | D:11     | Killed Erolcha
 28106 | D:11     | Reached skill level 16 in Necromancy
 29273 | D:12     | Found an iron altar of Okawaru.
 29513 | D:13     | Noticed Snorg
 29629 | D:13     | Noticed Lodul
 29642 | D:13     | Killed Lodul
 29779 | D:13     | Noticed Rupert
 30038 | D:13     | Killed Rupert
 30276 | D:13     | Reached skill level 17 in Necromancy
 30566 | D:13     | Killed Snorg
 30603 | D:13     | Reached skill level 12 in Spellcasting
 31703 | D:13     | Reached skill level 13 in Spellcasting
 31811 | D:13     | Found a gate to the Vaults.
 32643 | D:14     | Found a runed translucent door.
 32643 | D:14     | Found a shimmering altar of Xom.
 32643 | D:14     | Identified the +9 glaive of Allosh {chaos, Int+3 SInv
                  | Stlth-}
 32643 | D:14     | Noticed Todem's ghost (journeyman HOFi)
 33166 | D:14     | Reached skill level 14 in Spellcasting
 33303 | D:15     | Entered Level 15 of the Dungeon
 33445 | D:15     | Reached XP level 16. HP: 115/115 MP: 26/34
 33648 | D:15     | Found a staircase to the Depths.
 34365 | D:15     | Found a blossoming altar of Fedhas.
 34768 | Spider:1 | Entered Level 1 of the Spider Nest
 34768 | Spider:1 | Noticed Kirke
 34779 | Lair:3   | Reached skill level 15 in Spellcasting
 34917 | Lair:3   | Killed Kirke
 36224 | Lair:3   | Learned a level 6 spell: Death Channel
 36229 | Spider:1 | Noticed Donald
 36236 | Lair:3   | HP: 11/115 [redback (13)]
 36236 | Lair:3   | Slain by a demonic crawler

Vanquished Creatures
  Rupert (D:13)
  Kirke (Lair:3)
  A frost giant (IceCv)
  2 dire elephants (Lair:5)
  Snorg (D:13)
  An entropy weaver (Spider:1)
  5 hydras
  A rakshasa (D:14)
  An ogre mage (Orc:2)
  Erolcha (D:11)
  3 centaur warriors
  Erica (D:11)
  2 vault guards (D:13)
  3 boulder beetles
  A catoblepas (Lair:5)
  5 death yaks
  3 two-headed ogres
  A demonic crawler (Lair:3)
  A vampire mage (D:15)
  Nergalle (D:10)
  2 orc high priests (Orc:2)
  A spark wasp zombie (D:15)
  4 skysharks
  A sixfirhy (Lair:5)
  3 skeletal warriors (D:15)
  Lodul (D:13)
  A storm dragon skeleton (D:15)
  4 arcanists (D:13)
  A steelbarb worm (Spider:1)
  3 necromancers
  4 human zombies (D:13)
  2 orc sorcerers
  A harpy (shapeshifter) (D:15)
  6 orc knights
  2 wolf spiders
  A manticore (D:12)
  7 ugly things
  7 cyclopes
  Maurice (D:7)
  A kobold blastminer (Orc:2)
  12 elephants
  An ice statue (IceCv)
  4 black mambas
  A smoke demon (Lair:5)
  A torpor snail (Lair:3)
  12 cane toads
  Maggie (D:10)
  An orange demon (Lair:5)
  3 kobold demonologists
  3 gargoyles
  An unseen horror (D:11)
  12 rime drakes
  3 ice devils (Lair:5)
  14 komodo dragons
  A tengu conjurer (D:9)
  Prince Ribbit (D:8)
  2 hornets
  6 trolls
  7 polar bears
  2 tarantellas (Spider:1)
  3 blink frogs (Lair:4)
  13 dream sheep
  6 slime creatures
  A jumping spider (Spider:1)
  A culicivora (Spider:1)
  A slime creature zombie (D:13)
  3 wyverns
  5 wraiths
  Grum (D:10)
  6 basilisks
  66 yaks
  A hog (Lair:3)
  11 humans (D:13)
  Eustachio (D:4)
  8 vampire mosquitoes
  8 steam dragons
  9 redbacks
  3 acid dragons
  3 hell hounds (Lair:5)
  2 nameless horrors (Lair:4)
  9 water moccasins
  A hornet zombie (D:11)
  17 orc warriors
  2 ice beasts
  An octopode zombie (D:11)
  A laughing skull (D:15)
  A sky beast (D:7)
  3 black bears
  9 ogres
  3 boggarts (D:14)
  18 wolves
  3 centaurs
  5 kobold brigands
  2 phantoms
  2 gnoll sergeants
  5 bullfrogs
  A scorpion (D:7)
  4 wights
  A troll zombie (D:12)
  8 killer bees
  2 howler monkeys
  6 electric eels
  2 bombardier beetles (D:5)
  2 ogre zombies (D:13)
  3 hounds
  7 orc priests
  3 jellies
  2 gnoll boudas
  2 iguanas
  13 orc wizards
  3 killer bee zombies
  14 gnolls
  8 adders
  A shadow imp (D:6)
  A white imp (D:5)
  6 dart slugs
  3 ribbon worms
  44 orcs
  12 endoplasms
  3 giant cockroaches
  9 goblins
  6 hobgoblins
  7 jackals
  4 quokkas
  6 ball pythons
  7 bats
  2 frilled lizards (D:1)
  A gnoll zombie (Bailey)
  A hobgoblin zombie (Bailey)
  13 kobolds
  2 orc zombies
  3 rats
623 creatures vanquished.

Vanquished Creatures (collateral kills)
  A hydra (Lair:4)
  Fannar (Orc:1)
  A death yak (IceCv)
  A demonic crawler (Lair:3)
  An orc high priest (Orc:2)
  Sonja (Lair:2)
  A skyshark (Lair:2)
  An obsidian statue (D:13)
  A deep elf pyromancer (D:13)
  An orc knight (Bailey)
  An obsidian bat (Orc:2)
  An ugly thing (D:14)
  A steelbarb worm (Spider:1)
  An orc sorcerer (Orc:2)
  2 elephants (Lair:5)
  An ice statue (D:13)
  A rime drake (IceCv)
  An orange demon (Lair:5)
  2 cane toads
  A redback zombie (Lair:3)
  A tengu conjurer (D:9)
  2 polar bears
  A blink frog (Lair:4)
  4 dream sheep
  A polar bear (shapeshifter) (D:14)
  An ugly thing zombie (D:14)
  9 yaks
  3 slime creatures
  5 humans (D:13)
  A steam dragon (Lair:2)
  A warg (Orc:1)
  A redback (Lair:3)
  2 vampire mosquitoes (D:13)
  A human zombie (D:13)
  8 water moccasins
  A hell hound (Lair:5)
  A sky beast (D:6)
  12 orc warriors
  An ice beast (D:7)
  A laughing skull (D:15)
  A black bear (D:6)
  9 wolves
  2 boggarts (D:14)
  4 ogres
  2 centaurs
  A phantom (D:6)
  3 scorpions (Lair:3)
  9 bullfrogs
  A gnoll sergeant (D:7)
  5 wights
  4 killer bees
  A howler monkey (D:9)
  A nameless horror (D:7)
  A centaur zombie (D:14)
  3 jellies
  16 orc priests
  A sleepcap (D:6)
  A boggart zombie (D:14)
  14 orc wizards
  13 gnolls
  2 shadow imps (D:7)
  A dart slug (D:1)
  46 orcs
  3 endoplasms
  A giant cockroach (D:2)
  5 hobgoblins
  2 goblins (Bailey)
  7 kobolds
  3 kobold zombies (D:11)
  2 orc zombies (D:12)
  A rat (D:1)
244 creatures vanquished.

Vanquished Creatures (others)
  An occultist (Lair:5)
  3 humans (Spider:1)
  4 orc zombies (Bailey)
  An orc (D:13)
  A gnoll zombie (Bailey)
  A goblin (Bailey)
  A goblin zombie (Bailey)
  2 hobgoblin zombies (Bailey)
  333 blazeheart cores
347 creatures vanquished.

Grand Total: 1214 creatures vanquished

Table legend: (Time is in decaauts)
 A = Elapsed time spent in this place.
 B = Non-inter-level travel time spent in this place.
 C = Inter-level travel time spent in this place.
 D = Time resting spent in this place.
 E = Time spent auto-exploring this place.
 F = Levels seen in this place.
 G = Mean time per level.
                   A        B        C        D        E       F      G
               +--------+--------+--------+--------+--------+-----+--------+
         Total |  36339 |  34613 |   1726 |   9132 |  17704 |  26 | 1397.7 |
       Dungeon |  20801 |  19594 |   1207 |   4034 |  11581 |  15 | 1386.7 |
        Temple |     30 |     15 |     15 |      0 |      0 |   1 |   30.0 |
          Lair |  10215 |   9818 |    397 |   3377 |   4321 |   5 | 2043.0 |
   Spider Nest |    243 |    243 |      0 |     52 |     36 |   1 |  243.0 |
  Orcish Mines |   2655 |   2551 |    104 |    921 |    931 |   2 | 1327.5 |
        Bailey |    949 |    949 |      0 |     88 |    524 |   1 |  949.0 |
      Ice Cave |   1443 |   1443 |      0 |    660 |    309 |   1 | 1443.0 |
               +--------+--------+--------+--------+--------+-----+--------+

Top non-repeatable levels by time:
  Lair:4: 3082 daAuts
  Lair:3: 2491 daAuts
    D:13: 2294 daAuts
  Lair:5: 2218 daAuts
    D:12: 1765 daAuts
     D:7: 1761 daAuts
    D:10: 1647 daAuts
     D:9: 1578 daAuts
     D:8: 1567 daAuts
   Orc:2: 1517 daAuts
   IceCv: 1443 daAuts
     D:5: 1398 daAuts
     D:6: 1352 daAuts
    D:15: 1297 daAuts
  Lair:1: 1232 daAuts

Table legend:
 A = Non-vault XP
 B = Vault XP
 C = Vault XP percentage of total XP
 D = Non-vault monster count
 E = Vault monster count
 F = Vault count percentage of total count
                 A         B        C        D         E       F
            +---------+---------+-------+---------+---------+-------
      Total |   97105 |   74305 |  43.3 |     579 |     281 |  32.7
            +---------+---------+-------+---------+---------+-------
        D:1 |      53 |       4 |   7.0 |      23 |       2 |   8.0
        D:2 |      55 |       6 |   9.8 |      18 |       3 |  14.3
        D:3 |      53 |       0 |   0.0 |      21 |       0 |   0.0
        D:4 |     240 |     185 |  43.5 |      16 |       1 |   5.9
        D:5 |    1205 |      37 |   3.0 |      21 |       1 |   4.5
        D:6 |    1007 |     824 |  45.0 |       9 |       8 |  47.1
        D:7 |    1896 |     737 |  28.0 |      41 |       2 |   4.7
        D:8 |    3471 |     296 |   7.9 |      38 |       1 |   2.6
        D:9 |    3533 |      72 |   2.0 |      37 |       7 |  15.9
       D:10 |    1767 |    1609 |  47.7 |      16 |       5 |  23.8
       D:11 |    4782 |    1693 |  26.1 |      30 |       2 |   6.2
       D:12 |    4731 |     141 |   2.9 |      25 |       7 |  21.9
       D:13 |    8673 |   14304 |  62.3 |      31 |      36 |  53.7
       D:14 |    7582 |     121 |   1.6 |      25 |       1 |   3.8
       D:15 |    3043 |    5208 |  63.1 |       7 |       7 |  50.0
     Lair:1 |    6887 |       0 |   0.0 |      31 |       0 |   0.0
     Lair:2 |    3219 |    2593 |  44.6 |      10 |      11 |  52.4
     Lair:3 |   10416 |    3353 |  24.4 |      40 |      12 |  23.1
     Lair:4 |   15218 |    3611 |  19.2 |      55 |      12 |  17.9
     Lair:5 |   10214 |   12838 |  55.7 |      28 |      38 |  57.6
   Spider:1 |    4970 |       0 |   0.0 |      15 |       0 |   0.0
      Orc:1 |     715 |    2461 |  77.5 |      14 |      24 |  63.2
      Orc:2 |    3375 |    8754 |  72.2 |      28 |      30 |  51.7
     Bailey |       0 |    2948 | 100.0 |       0 |      35 | 100.0
      IceCv |       0 |   12510 | 100.0 |       0 |      36 | 100.0
            +---------+---------+-------+---------+---------+-------
